 Dungeon Crawl Stone Soup version 0.28-a0-1152-g9c71ebef14 (webtiles) character file.

Game seed: 8055569987141458967

42 croobank the Scratcher (level 3, -1/17 HPs)
             Began as a Felid Chaos Knight on Dec 14, 2021.
             Was a Believer of Cheibriados.
             Slain by an orc wizard (3 damage)
             ... on level 2 of the Dungeon.
             The game lasted 00:11:47 (1998 turns).

croobank the Scratcher (Felid Chaos Knight)         Turns: 1998, Time: 00:11:47

Health: -1/17      AC:  1    Str: 15    XL:     3   Next: 33%
Magic:  4/4        EV: 19    Int: 18    God:    Cheibriados [**....]
Gold:   62         SH:  0    Dex: 20    Spells: 2/2 levels left
                                        Lives:  0   Deaths: 1

rFire   . . .      SeeInvis +     - Unarmed
rCold   . . .      Faith    .   (shield unavailable)
rNeg    . . .      Spirit   .   (armour unavailable)
rPois   .          Reflect  .   (helmet unavailable)
rElec   .          Harm     .   (cloak unavailable)
rCorr   .          Rampage  .   (gloves unavailable)
Will    .....                   (boots unavailable)
Stlth   ++........              (no amulet)
HPRegen 0.05/turn               (no ring)
MPRegen 0.09/turn               (no ring)

@: unable to read, very slow
A: very small, claws 1, fangs 3, see invisible, speed 1, shaggy fur 1, stealthy
paws, no weapons or thrown items, no armour, multi-lived, sense surroundings 1,
inability to read while threatened
a: Renounce Religion, Bend Time


You were on level 2 of the Dungeon.
You worshipped Cheibriados.
Cheibriados was pleased with you.
You visited 1 branch of the dungeon, and saw 2 of its levels.

You collected 62 gold pieces.

Inventory:

Missiles
 c - 97 stones
Jewellery
 a - a ring of ice
Potions
 b - 2 potions of cancellation {unknown}
 d - a potion of curing


   Skills:
 + Level 3.4 Fighting
 + Level 4.1 Dodging
 + Level 1.7 Stealth
 + Level 4.2 Unarmed Combat


You had 2 spell levels left.
You didn't know any spells.
Your spell library was empty.

Dungeon Overview and Level Annotations

Branches:
Dungeon (2/15)

Altars:
Cheibriados


Innate Abilities, Weirdness & Mutations

You have sharp claws.
You have razor-sharp teeth.
You have supernaturally acute eyesight. (SInv)
You cover ground quickly. (Speed+)
You are covered in fur. (AC +1)
Your paws help you pounce on unaware monsters.
You are incapable of wielding weapons or throwing items.
You cannot wear armour.
You gain extra lives every three experience levels.
You passively map a small area around you.
You sometimes lose the ability to read scrolls when taking damage.


Message History

You scratch the orc wizard.
The orc wizard is lightly wounded.
The orc wizard casts a spell at you. The magic dart hits you!
You die...
You are now level 3!
You rejoin the land of the living...
There is a stone staircase leading up here.
There is a stone staircase leading up here.
An orc is nearby!
The orc wizard hits you with a +0 dagger.
You barely miss the orc wizard.
The orc shouts!
You bite the orc wizard.
The orc wizard is moderately wounded.
You hear a shout!
The orc wizard hits you with a +0 dagger.
You scratch the orc wizard.
The orc wizard is heavily wounded.
The orc barely misses you.
The orc wizard hits you with a +0 dagger.
You feel threatened and lose the ability to read scrolls!
You closely miss the orc wizard.
The orc wizard is heavily wounded.
The orc misses you.
The orc wizard gestures at you while chanting.
The magic dart hits you.
* * * LOW HITPOINT WARNING * * *
The orc wizard casts a spell.
The orc wizard flickers and vanishes for a moment.
You claw the orc!
You kill the orc!
Cheibriados appreciates the change of pace.
You barely miss the orc wizard.
The orc wizard is heavily wounded.
The orc wizard completely misses you.
You completely miss the orc wizard. Your bite misses the orc wizard.
The orc wizard is moderately wounded.
The orc wizard hits you with a +0 dagger.
You die...

#.# #..# #.# #[# ##.## #.#
###.######## #<.# #.#
#..........# ##.# #.######
#..........# #.###'#.....
#..........# #.#.........
#.......o..# #...........
#...<#..o#######..........
#.####.##@................
######.#..o..#.######..........
#)†....#.##.##.# #......#.....
###o####.#.##.##.# #.#..#.#.....
...............#.####.#..#'#...?.
)..............#...<#.#..........
...............#####.............
...............# #.............
.................,,#.........)...


You could see 2 orc wizards.

Vanquished Creatures
  Jessica (D:2)
  An adder (D:2)
  A worm (D:2)
  2 dart slugs (D:1)
  2 orcs (D:2)
  7 ball pythons
  5 bats
  4 endoplasms
  3 giant cockroaches
  2 goblins
  2 hobgoblins
  3 jackals (D:1)
  A quokka (D:1)
  2 frilled lizards (D:1)
  3 kobolds (D:2)
  4 rats
43 creatures vanquished.

Notes
Turn   | Place    | Note
-------+----------+-------------------------------------------
     0 | D:1      | croobank the Felid Chaos Knight began the quest for the
                  | Orb.
     0 | D:1      | Reached XP level 1. HP: 10/10 MP: 2/2
    26 | D:1      | Found a faded altar of an unknown god.
    34 | D:1      | Prayed at the altar of an unknown god.
    34 | D:1      | Fell from the grace of Xom
    34 | D:1      | Became a worshipper of Cheibriados the Contemplative
    34 | D:1      | Reached * piety under Cheibriados
    79 | D:1      | Reached XP level 2. HP: 7/14 MP: 3/3
   278 | D:1      | XOM: noise
   479 | D:1      | XOM: give mutations
   479 | D:1      | Gained mutation: You passively map a small area around you.
                  | [Xom's mischief]
   479 | D:1      | Gained mutation: You sometimes lose the ability to read
                  | scrolls when taking damage. [Xom's mischief]
   761 | D:1      | You fall into a shaft and drop 1 floor!
  1082 | D:1      | Reached XP level 3. HP: 11/17 MP: 4/4
  1082 | D:1      | Reached ** piety under Cheibriados
  1382 | D:2      | Reached skill level 1 in Stealth
  1496 | D:2      | XOM: scenery: 1 doors open
  1512 | D:2      | XOM: 2-stop teleportation journey
  1731 | D:2      | Noticed Jessica
  1740 | D:2      | Killed Jessica
  1741 | D:2      | Reached XP level 4. HP: 20/21 MP: 5/5
  1828 | D:2      | XOM: god gift: potion of curing
  1906 | D:2      | Killed from afar by an orc wizard
  1907 | D:2      | Reached XP level 3. HP: -1/17 MP: 4/4
  1998 | D:2      | Slain by an orc wizard

Illustrated notes

Levels and vault maps discovered:
D:1:      arrival_zaba_pyramid, layout_loops_cross, basic_ecumenical_altar
D:2:      layout_basic, kennysheep_generic_room_5, uniq_jessica

Skill      XL: |  1  2  3 |
---------------+----------+-----
Stealth        | 1 |  1.7
Dodging        | 4 |  4.1
Unarmed Combat | 4 |  4.2
Fighting       | |  3.4

Action                   |  1- 3 |  4- 6 || total
-------------------------+-------+-------++-------
Melee: Unarmed           |   111 |     7 ||   118
       Bite              |    11 |       ||    11
       Punch             |     4 |       ||     4
  Use: Scroll            |     4 |     1 ||     5
       Potion            |     5 |       ||     5
 Stab: Sleeping          |     6 |       ||     6
Armor: Skin              |     5 |       ||     5
Dodge: Dodged            |   112 |     1 ||   113

Table legend: (Time is in decaauts)
 A = Elapsed time spent in this place.
 B = Non-inter-level travel time spent in this place.
 C = Inter-level travel time spent in this place.
 D = Time resting spent in this place.
 E = Time spent auto-exploring this place.
 F = Levels seen in this place.
 G = Mean time per level.
                   A        B        C        D        E       F      G
               +--------+--------+--------+--------+--------+-----+--------+
         Total |   2266 |   2260 |      6 |    457 |   1361 |   2 | 1133.0 |
       Dungeon |   2266 |   2260 |      6 |    457 |   1361 |   2 | 1133.0 |
               +--------+--------+--------+--------+--------+-----+--------+

Top non-repeatable levels by time:
     D:1: 1423 daAuts
     D:2: 843 daAuts
